 Dungeon Crawl Stone Soup version 0.21.0-3-g78d12a8 (webtiles) character file.

173 HungrySpirit the Cudgeler (level 5, -2/32 HPs)
             Began as a Gargoyle Wanderer on Jan 10, 2018.
             Killed from afar by an orc wizard (4 damage)
             ... with a magic dart
             ... on level 3 of the Dungeon.
             The game lasted 00:07:35 (2983 turns).

HungrySpirit the Cudgeler (Gargoyle Wanderer)       Turns: 2983, Time: 00:07:36

Health: -2/32      AC: 14    Str: 17    XL:     5   Next: 53%
Magic:  6/6        EV:  9    Int: 14    God:
Gold:   92         SH:  0    Dex:  7    Spells: 6/6 levels left

rFire    . . .     SeeInvis .   m - +0 mace
rCold    . . .     Gourm    .   (no shield)
rNeg     + . .     Faith    .   q - +0 scale mail
rPois    ∞         Spirit   .   r - +2 helmet "Koaviucs" {rElec}
rElec    +         Reflect  .   (no cloak)
rCorr    .         Harm     .   (no gloves)
MR       .....                  n - +0 pair of boots
Stlth    ..........             (no amulet)
HPRegen  0.10/turn              (no ring)
MPRegen  0.10/turn              (no ring)

@: no status effects
A: negative energy resistance 1, electricity resistance, unbreathing,
petrification resistance, rot immunity, AC +4
a: no special abilities


You were on level 3 of the Dungeon.
You were not hungry.

You visited 1 branch of the dungeon, and saw 3 of its levels.

You collected 92 gold pieces.

Inventory:

Hand Weapons
 c - a +0 shortbow
 m - a +0 mace (weapon)
Missiles
 d - 16 arrows
Armour
 n - a +0 pair of boots (worn)
 q - a +0 scale mail (worn)
 r - the +2 helmet "Koaviucs" (worn) {rElec}
   (You took it off Robin on level 2 of the Dungeon)

   It insulates you from electricity.
Jewellery
 b - an uncursed ring of resist corrosion {unknown}
 e - an uncursed ring of fire {unknown}
 g - an uncursed ring of flight {unknown}
 k - a cursed ring of loudness {unknown}
Wands
 u - a wand of enslavement (14)
Scrolls
 h - a scroll of teleportation {unknown}
 i - 2 scrolls of enchant weapon {unknown}
 j - a scroll of magic mapping {unknown}
 l - a scroll of identify {unknown}
 o - a scroll of remove curse {unknown}
 p - a scroll of blinking {unknown}
Potions
 s - a potion of heal wounds
Comestibles
 f - 4 rations


   Skills:
 + Level 3.4 Fighting
 * Level 3.5 Maces & Flails
 - Level 1.0 Bows
 - Level 2.1 Armour
 - Level 1.1 Stealth
   Level 1.1 Shields
 - Level 1.0 Spellcasting
   Level 3.2 Conjurations
   Level 1.0 Charms


You had 6 spell levels left.
You didn't know any spells.

Dungeon Overview and Level Annotations

Branches:
Dungeon (3/15)

Altars:
Elyvilon
Okawaru
Sif Muna
Uskayaw

Annotations:
D:3 Sigmund


Innate Abilities, Weirdness & Mutations

You are resistant to torment.
Your stone body is resilient. (AC +4)
You are immune to poison.
You resist negative energy. (rN+)
You are resistant to electric shocks. (rElec)
You can survive without breathing.
You are immune to petrification.
You are immune to rotting.


Message History

The puff of flame hits you!
* * * LOW HITPOINT WARNING * * *
The orc wizard hits you with a dagger.
* * * LOW HITPOINT WARNING * * *
You hit the orc wizard.
The orc wizard is almost dead.
The orc wizard casts a spell.
The orc wizard flickers and vanishes!
Deactivating autopickup; reactivate with Ctrl-A.
Something hits you but does no damage.
You barely miss something. Something hits you but does no damage.
Something hits you.
* * * LOW HITPOINT WARNING * * *
You barely miss something. Something hits you but does no damage.
You closely miss something.
You hear the rapid rusting of a distant drain.
You hear some strange, mumbled words.
A magic dart appears from out of thin air!
The magic dart hits you!
You die...

#.###.### #..# #.##..#.#
##.# .# #.##.##.#
#....##.#
.....##.#######....##### .
............... ...>... ..
.......<###### #..... ...
............... ...###...#
##.#.##.##...#####......##
#.#.##..###....@{.......#.
#.#.###...#.#.###.........
#...# #..._..# ###.###...
#..## #.##.### .#
##.######..#..# .#
.(.....# #...## g.
.......###..## ..
...........## ###
.......###.#####


There were no monsters in sight!

Vanquished Creatures
  Jessica (D:3)
  Robin (D:2)
  3 gnolls (D:2)
  4 adders
  An ooze (D:2)
  4 dart slugs (D:1)
  2 leopard geckos (D:1)
  4 orcs (D:3)
  2 giant cockroaches (D:1)
  7 hobgoblins
  2 kobolds (D:1)
  5 bats
  A frilled lizard (D:2)
  13 goblins
  3 rats
53 creatures vanquished.

Notes
Turn   | Place    | Note
-------+----------+-------------------------------------------
     0 | D:1      | HungrySpirit the Gargoyle Wanderer began the quest for the Orb.
     0 | D:1      | HungrySpirit set off with: a book of Battle, the Tome of Sinister Magic, a +0 shortbow, 31 arrows, a +0 robe, a ration
     0 | D:1      | Reached XP level 1. HP: 12/12 MP: 2/2
     0 | D:1      | Identified the Tome of Sinister Magic
   171 | D:1      | Reached XP level 2. HP: 17/17 MP: 3/3
   325 | D:1      | Reached skill level 1 in Maces & Flails
   350 | D:1      | Reached XP level 3. HP: 10/21 MP: 4/4
  1062 | D:1      | HP: 1/22 [gnoll/flail (1)]
  1500 | D:2      | Found a deep blue altar of Sif Muna.
  1501 | D:2      | Found an iron altar of Okawaru.
  1591 | D:2      | Reached XP level 4. HP: 27/27 MP: 5/5
  1645 | D:2      | Noticed Robin
  1656 | D:2      | Killed Robin
  1795 | D:2      | Got a scorched helmet
  1801 | D:2      | Identified the +2 helmet "Koaviucs" {rElec} (You took it off Robin on level 2 of the Dungeon)
  2299 | D:3      | Reached XP level 5. HP: 32/32 MP: 6/6
  2476 | D:3      | Noticed Jessica
  2487 | D:3      | Killed Jessica
  2492 | D:3      | Found a hide-covered altar of Uskayaw.
  2615 | D:3      | Noticed Sigmund
  2922 | D:3      | Found a white marble altar of Elyvilon.
  2983 | D:3      | Killed from afar by an orc wizard

Skill      XL: |  1  2  3  4  5 |
---------------+----------------+-----
Fighting       | 2 3 |  3.4
Maces & Flails | 1 2 3 |  3.5
Armour         | 2 |  2.1
Bows           | |  1.0
Stealth        | |  1.1
Shields        | |  1.1
Spellcasting   | |  1.0
Conjurations   | |  3.2
Charms         | |  1.0

Action                   |  1- 3 |  4- 6 || total
-------------------------+-------+-------++-------
Melee: Mace              |    20 |   100 ||   120
 Fire: Shortbow          |    72 |    37 ||   109
  Use: Potion            |     1 |     2 ||     3
 Stab: Sleeping          |     1 |       ||     1
  Eat: Ration            |     1 |       ||     1
       Chunk             |       |     3 ||     3
Armor: Robe              |    19 |    13 ||    32
       Scale mail        |       |    70 ||    70
Dodge: Dodged            |    32 |    70 ||   102
